 Dungeon Crawl Stone Soup version 0.27-a0-1206-g6342a01c75 (webtiles) character file.

Game seed: 6899262732509128162

49 Glokmah the Grave Robber (level 3, 0/26 HPs)
             Began as a Demonspawn Necromancer on June 5, 2021.
             Slain by a worm (10 damage)
             ... on level 2 of the Dungeon.
             The game lasted 00:02:54 (1883 turns).

Glokmah the Grave Robber (Demonspawn Necromancer)   Turns: 1883, Time: 00:02:55

Health: 0/26       AC:  3    Str:  9    XL:     3   Next: 53%
Magic:  0/6        EV: 12    Int: 16    God:
Gold:   20         SH:  0    Dex: 13    Spells: 3/7 levels left

rFire    . . .     SeeInvis .   a - +2 dagger (vamp)
rCold    . . .     Faith    .   (no shield)
rNeg     . . .     Spirit   .   l - +0 robe
rPois    .         Reflect  .   (helmet restricted)
rElec    .         Harm     .   d - +0 cloak
rCorr    .         Rampage  .   (no gloves)
Will     .....                  (no boots)
Stlth    ++........             (no amulet)
HPRegen  0.08/turn              (no ring)
MPRegen  0.10/turn              (no ring)

@: no status effects
A: antennae 1
a: no special abilities


You were on level 2 of the Dungeon.
You visited 1 branch of the dungeon, and saw 2 of its levels.

You collected 20 gold pieces.

Inventory:

Hand Weapons
 a - a +2 vampiric dagger (weapon)
 b - a +0 short sword
Missiles
 g - 15 poisoned darts
Armour
 d - a +0 cloak (worn)
 j - a +0 buckler
 l - a +0 robe (worn)
Wands
 e - a wand of flame (20)
Scrolls
 h - a scroll of teleportation {unknown}
Potions
 c - a potion of resistance {unknown}
 f - a potion of berserk rage {unknown}
 i - a potion of mutation {unknown}
 k - a potion of curing {unknown}


   Skills:
 + Level 1.3 Fighting
 - Level 1.7 Dodging
 - Level 1.7 Stealth
 * Level 0.1 Shields
 + Level 2.5 Spellcasting
 * Level 5.2 Necromancy


You had 3 spell levels left.
You knew the following spells:

 Your Spells              Type           Power      Damage    Failure   Level
a - Pain                  Necr           72%        1d7       2%          1
b - Vampiric Draining     Necr           9%         2d7       7%          3

Your spell library contained the following spells:

 Spells                   Type           Power      Damage    Failure   Level
 Animate Skeleton         Necr           36%        N/A       2%          1
 Animate Dead             Necr           9%         N/A       24%         4
 Agony                    Necr           18%        N/A       54%         5


Dungeon Overview and Level Annotations

Branches:
Dungeon (2/15)

Altars:


Innate Abilities, Weirdness & Mutations

You have a pair of small antennae on your head.


Message History

Found 10 gold pieces.
Aiming: Pain (safe; 2% risk of failure)
Press: ? - help, Q - select action, (/) - cycle Shift-Dir - straight line, f - worm
Aim: a worm (wandering, hasn't noticed you, chance to affect: 84%)
The worm writhes in agony.
Unknown command.
Aiming: Pain (safe; 2% risk of failure)
Press: ? - help, Q - select action, (/) - cycle Shift-Dir - straight line, f/p - worm
Aim: a worm (moderately wounded, chance to affect: 84%)
The worm barely resists.
Unknown command.
Aiming: Pain (safe; 2% risk of failure)
Press: ? - help, Q - select action, (/) - cycle Shift-Dir - straight line, f/p - worm
Aim: a worm (lightly wounded, chance to affect: 84%)
The worm barely resists.
Unknown command.
Aiming: Pain (safe; 2% risk of failure)
Press: ? - help, Q - select action, (/) - cycle Shift-Dir - straight line, f/p - worm
Aim: a worm (lightly wounded, chance to affect: 84%)
The worm writhes in agony.
Unknown command.
Aiming: Pain (safe; 2% risk of failure)
Press: ? - help, Q - select action, (/) - cycle Shift-Dir - straight line, f/p - worm
Aim: a worm (moderately wounded, chance to affect: 84%)
The worm writhes in agony.
Unknown command.
You hit the worm but do no damage.
The worm is heavily wounded.
The worm bites you!
You barely miss the worm.
The worm is heavily wounded.
The worm bites you.
You barely miss the worm.
The worm is heavily wounded.
Aiming: Pain (safe; 2% risk of failure)
Press: ? - help, Q - select action, (/) - cycle Shift-Dir - straight line, f/p - worm
Aim: a worm (heavily wounded, chance to affect: 84%)
The worm barely resists.
The worm bites you!
You die...

...#.# ... ..... ..#..
..... .... .
.....###......###... ..
......#.....#.....# ...
.................#
....##.#..#...........#
.......w..(...........##
.......@...............#
$....................).#
##.....................#
##+#..................#
#.######..............
..#### #..............
......##..........†...
....................#
....................#


You could see a worm.

Vanquished Creatures
  A worm (D:2)
  4 bats
  3 endoplasms (D:1)
  2 giant cockroaches
  6 goblins
  A hobgoblin (D:1)
  7 jackals
  5 kobolds
  A quokka (D:1)
  6 ball pythons (D:1)
  A frilled lizard (D:1)
  3 rats (D:1)
40 creatures vanquished.

Notes
Turn   | Place    | Note
-------+----------+-------------------------------------------
     0 | D:1      | Glokmah the Demonspawn Necromancer began the quest for the
                  | Orb.
     0 | D:1      | Reached XP level 1. HP: 13/13 MP: 3/3
   389 | D:1      | Gained mutation: You have a pair of small antennae on your
                  | head. [demonic ancestry]
   389 | D:1      | Reached XP level 2. HP: 14/20 MP: 0/5
   729 | D:1      | Reached skill level 1 in Fighting
   837 | D:1      | Reached skill level 5 in Necromancy
   846 | D:1      | Reached XP level 3. HP: 13/26 MP: 0/6
  1099 | D:1      | Found a faded altar of an unknown god.
  1659 | D:2      | Learned a level 3 spell: Vampiric Draining
  1883 | D:2      | Slain by a worm

Illustrated notes

Levels and vault maps discovered:
D:1:      lightli_arrival_lavapool, layout_loops_ring,
          shapermc_ecumenical_altar_mp_urbaneastern, dk_noncrumbling_4,
          minmay_tetromino_s2
D:2:      layout_basic, minmay_guardbox, uniq_terence

Skill      XL: |  1  2 |
---------------+-------+-----
Fighting       | 1 |  1.3
Necromancy     | 5 |  5.2
Dodging        | |  1.7
Stealth        | |  1.7
Shields        | |  0.1
Spellcasting   | |  2.5

Action                   || total
-------------------------++-------
Melee: Short sword       ||    18
       Dagger            ||     3
 Cast: Pain              ||    71
Armor: Robe              ||     9
Dodge: Dodged            ||    29

Table legend: (Time is in decaauts)
 A = Elapsed time spent in this place.
 B = Non-inter-level travel time spent in this place.
 C = Inter-level travel time spent in this place.
 D = Time resting spent in this place.
 E = Time spent auto-exploring this place.
 F = Levels seen in this place.
 G = Mean time per level.
                   A        B        C        D        E       F      G
               +--------+--------+--------+--------+--------+-----+--------+
         Total |   1884 |   1871 |     13 |     50 |   1576 |   2 |  942.0 |
       Dungeon |   1884 |   1871 |     13 |     50 |   1576 |   2 |  942.0 |
               +--------+--------+--------+--------+--------+-----+--------+

Top non-repeatable levels by time:
     D:1: 1641 daAuts
     D:2: 243 daAuts
